AoeStats
← Kenneth

Arena

509087329Analyzed
4v4 RM · 6d ago on Sep 25, 2026· 48m 42s· 8 players
Game mode
Random Map
Map size
Large (8 player)
Population
200
Speed
Normal
Resources
Standard
Victory
Conquest
Starting age
Dark Age
Ending age
Imperial Age
RankedLock teamsTeams togetherTeam positionsShared explorationLock speedFull tech treeHidden civsTurbo modeCheats
Victory
Defeat
🇭🇰 Gurjaras · Hong Kong SAR China
845
+13
🇬🇧 Danes · United Kingdom
799
+15
🇹🇼 Persians · Taiwan
793
+15
677
+21
🇦🇹 Bohemians · Austria
838
-18
🇨🇭 Britons · Switzerland
832
-18
🇹🇼 Teutons · Taiwan
820
-18
🇫🇷 Khmer · France
620
-10
z23091820
11:17 Feudal Age
15:09 Castle Age
21:22 Double-Bit Axe
22:39 Wheelbarrow
23:10 Bow Saw
23:09 Horse Collar
25:32 Hand Cart
25:56 Heavy Plow
27:18 Gold Mining
27:21 Stone Mining
29:20 Gold Shaft Mining
33:36 Imperial Age
31:41 Forging
31:37 Scale Barding Armor
31:33 Scale Mail Armor
32:09 Husbandry
32:21 Bloodlines
34:25 Conscription
33:55 Cavalier
34:51 Caravan
36:03 Elite War Elephant
36:18 Savar
36:22 Light Cavalry
39:10 Hoardings
38:52 Hussar
40:48 Iron Casting
40:34 Chain Barding Armor
40:30 Chain Mail Armor
45:47 Crop Rotation
47:04 Stone Shaft Mining
47:36 Blast Furnace
47:07 Plate Mail Armor
47:12 Plate Barding Armor
46:29 Fletching
46:40 Padded Archer Armor
47:43 Chemistry
47:03 Ballistics
46:34 Heated Shot
46:55 Masonry
46:40 Murder Holes
hckwok823
10:06 Feudal Age
15:13 Castle Age
13:14 Double-Bit Axe
15:11 Loom
15:27 Horse Collar
17:32 Wheelbarrow
23:34 Bow Saw
24:10 Gold Mining
30:09 Fletching
31:21 Hand Cart
32:40 Town Watch
40:21 Imperial Age
38:25 Bloodlines
38:15 Husbandry
39:38 Kshatriyas
39:41 Scale Barding Armor
39:47 Forging
39:40 Scale Mail Armor
39:59 Stone Mining
40:29 Caravan
41:44 Conscription
41:02 Heavy Camel Rider
43:09 Heavy Plow
43:51 Light Cavalry
44:50 Elite Chakram Thrower
47:22 Chemistry
47:50 Gold Shaft Mining
47:52 Stone Shaft Mining
48:13 Chain Mail Armor
48:34 Iron Casting
48:20 Chain Barding Armor
Shaun
1:21 Loom
11:21 Feudal Age
13:56 Double-Bit Axe
22:06 Castle Age
20:30 Horse Collar
22:33 Arson
37:56 Thumb Ring
40:26 Imperial Age
38:32 Wheelbarrow
39:46 Scale Mail Armor
39:57 Forging
41:00 Chain Mail Armor
40:27 Elite Varangian Guard
40:47 Heavy Mounted Crossbowman
42:38 Cranequins
47:24 Plate Mail Armor
47:29 Iron Casting
看到我请提醒我去学习
10:22 Feudal Age
14:35 Castle Age
12:43 Double-Bit Axe
16:04 Bow Saw
15:36 Horse Collar
16:33 Loom
16:35 Town Watch
19:50 Heavy Plow
20:54 Wheelbarrow
21:26 Stone Mining
21:43 Gold Mining
23:32 Hand Cart
23:57 Fletching
26:32 Gold Shaft Mining
29:36 Imperial Age
27:57 Masonry
27:29 Treadmill Crane
28:12 Ballistics
28:02 Masonry
27:55 Bodkin Arrow
28:02 Padded Archer Armor
27:25 Crossbowman
28:50 Town Patrol
30:10 Leather Archer Armor
29:19 Elite Skirmisher
30:30 Bracer
31:14 Conscription
30:58 Warwolf
31:20 Yeomen
31:35 Ring Archer Armor
32:24 Chemistry
32:31 Architecture
32:13 Fortified Wall
33:30 Two-Man Saw
32:23 Elite Longbowman
34:04 Onager
35:16 Siege Engineers
36:43 Scale Barding Armor
36:49 Forging
36:43 Scale Mail Armor
36:30 Gambesons
36:46 Squires
39:06 Hoardings
39:45 Arbalester
46:13 Hoardings
不動游星
9:34 Feudal Age
15:11 Castle Age
12:58 Double-Bit Axe
13:19 Horse Collar
16:31 Heavy Plow
28:48 Imperial Age
27:03 Wheelbarrow
27:17 Bow Saw
32:49 Crop Rotation
34:28 Crenellations
35:14 Conscription
35:16 Hand Cart
38:30 Two-Man Saw
38:17 Elite Teutonic Knight
39:02 Scale Mail Armor
39:12 Forging
39:08 Scale Barding Armor
40:25 Chemistry
41:35 Iron Casting
42:12 Heavy Scorpion
46:55 Siege Engineers
47:13 Ballistics
47:56 Blast Furnace
47:11 Chain Mail Armor
47:19 Chain Barding Armor
Kenneth
10:31 Feudal Age
12:01 Horse Collar
12:24 Man-at-Arms
14:30 Wheelbarrow
17:25 Town Watch
17:31 Double-Bit Axe
20:57 Castle Age
22:23 Heavy Plow
22:39 Forging
22:31 Scale Mail Armor
22:02 Long Swordsman
22:44 Squires
22:30 Gambesons
22:33 Arson
23:38 Bow Saw
25:07 Crossbowman
27:09 Loom
27:18 Fletching
27:29 Padded Archer Armor
28:23 Bodkin Arrow
30:49 Gold Mining
30:50 Stone Mining
35:46 Imperial Age
34:12 Pikeman
35:13 Town Patrol
35:51 Gold Shaft Mining
35:55 Elite Longbowman
36:56 Conscription
36:31 Two-Handed Swordsman
36:47 Arbalester
38:42 Iron Casting
38:23 Chain Mail Armor
38:25 Leather Archer Armor
37:47 Halberdier
39:50 Yeomen
39:32 Champion
41:57 Two-Man Saw
41:01 Bracer
Bantum
10:44 Feudal Age
11:30 Double-Bit Axe
11:28 Horse Collar
12:32 Loom
14:38 Wheelbarrow
17:30 Castle Age
24:00 Imperial Age
26:18 Bow Saw
28:02 Hussite Reforms
28:19 Heavy Plow
28:37 Hand Cart
28:43 Hand Cart
29:02 Fervor
29:13 Sanctity
29:09 Block Printing
29:32 Theocracy
30:32 Two-Man Saw
32:26 Redemption
33:12 Illumination
35:39 Chemistry
41:05 Houfnice
j55/tyl777
14:17 Feudal Age
17:00 Castle Age
15:34 Double-Bit Axe
Connection lost

Rejoining the realm…

Still unreachable

The connection could not be restored.

Session expired

The server has moved on; the page needs a fresh start.